 Dungeon Crawl Stone Soup version 0.31-a0-1300-gb6740aa4e6 (webtiles) character file.

Game seed: 6262461305358831411

507982 greenreed the Slayer (level 25, -15/219 (243) HPs)
             Began as a Gnoll Wanderer on Dec 18, 2023.
             Was the Champion of Ru.
             Killed from afar by a black draconian knight (20 damage)
             ... with a bolt of lightning
             ... led by Tiamat
             ... on level 2 of the Realm of Zot on Dec 19, 2023.
             The game lasted 04:19:53 (68164 turns).

greenreed the Slayer (Gnoll Wanderer)              Turns: 68164, Time: 04:19:53

HP:   -15/219 (243) AC: 34    Str: 25    XL:     25   Next: 4%
MP:   39/39         EV: 28    Int: 21    God:    Ru [******]
Gold: 4713          SH: 23    Dex: 16    Spells: 26/58 levels left

rFire   + + +        w - +6 spear "Unkoelal" {flame, Int+6 SInv}
rCold   + + .        R - +3 tower shield {AC+3}
rNeg    + . .        o - +4 pearl dragon scales of Dogma {rPois rN+ Regen+ Stlth-}
rPois   +            e - +0 helmet of Defiance {+Blink rCorr Int+4}
rElec   .            n - scarf {rC+ rF+}
rCorr   +            J - +2 pair of gloves
SInv    +            Q - +1 pair of boots {rampage}
Will    +....        S - amulet "Nadao" {Acrobat Will+ Str+3} Stlth
                     j - ring of protection from fire
HPRegen 1.36/turn    W - ring of protection from fire
MPRegen 0.26/turn

%: inaccuracy (-5), acrobat, rampage
@: exhausted, acrobatic, studying 2 skills, drained
A: fangs 1, low MP 1, no stealth, no fire magic, no hexes magic, no
translocations magic, reduced EV 1, weak-willed 1, missing an eye, strong nose,
distributed training, no forms, hooves 1, thin skeletal structure 1, cold
resistance 1, robust 1
}: 3/15 runes: decaying, silver, gossamer
a: Renounce Religion, Evoke Blink, Draw Out Power, Power Leap, Apocalypse


You were on level 2 of the Realm of Zot.
You worshipped Ru.
Ru was exalted by your worship.
You visited 10 branches of the dungeon, and saw 43 of its levels.
You also visited: Ossuary, Bailey and Ice Cave.

You collected 11178 gold pieces.
You spent 6465 gold pieces at shops.

Inventory:

Hand Weapons
 w - the +6 spear "Unkoelal" (weapon) {flame, Int+6 SInv}
   (You found it on level 4 of the Dungeon)

   Int+6:     It affects your intelligence (+6).
   SInv:      It lets you see invisible.
 F - a +6 demon trident of flaming
Armour
 e - the +0 helmet of Defiance (worn) {+Blink rCorr Int+4}
   (You found it on level 2 of the Swamp)

   Int+4:     It affects your intelligence (+4).
   +Blink:    It lets you blink.
   rCorr:     It protects you from acid and corrosion.
 n - a scarf of resistance (worn)
 o - the +4 pearl dragon scales of Dogma (worn) {rPois rN+ Regen+ Stlth-}
   (You bought it in a shop on level 2 of the Orcish Mines)

   rPois:     It protects you from poison rN+: It protects you from negative
   energy.
   Regen+:    It increases your rate of health regeneration.
   Stlth-:    It makes you less stealthy.
 J - a +2 pair of gloves (worn)
 Q - a +1 pair of boots of rampaging (worn)
 R - a +3 tower shield of protection (worn)
Jewellery
 j - a ring of protection from fire (left hand)
 k - a ring of protection from cold
 u - the ring "Ykoxt" {Fly Will+}
   (You found it on level 4 of the Depths)

   [ring of flight]

   Will+:     It increases your willpower.
   Fly:       It grants you flight.
 z - a ring of positive energy
 K - a ring of positive energy
 O - a ring of positive energy
 P - a ring of wizardry
 S - the amulet "Nadao" (around neck) {Acrobat Will+ Str+3}
   (You bought it in a shop on level 7 of the Dungeon)

   [amulet of the acrobat]

   Acrobat:   It increases your evasion while moving and waiting.
   Str+3:     It affects your strength (+3).
   Will+:     It increases your willpower.
 V - a ring of resist corrosion
 W - a ring of protection from fire (right hand)
Wands
 a - a wand of roots (50)
 s - a wand of paralysis (25)
 B - a wand of mindburst (33)
 E - a wand of polymorph (27)
 T - a wand of acid (12)
 X - a wand of flame (63)
 Z - a wand of digging (9)
Scrolls
 b - 3 scrolls of blinking
 g - 18 scrolls of teleportation
 h - 10 scrolls of fear
 l - 9 scrolls of immolation
 m - 11 scrolls of fog
 p - 5 scrolls of torment
 q - 5 scrolls of amnesia
 r - 4 scrolls of silence
 t - 11 scrolls of poison
 y - 7 scrolls of vulnerability
 C - 7 scrolls of revelation
 D - a scroll of summoning
Potions
 c - 20 potions of curing
 f - 8 potions of resistance
 i - 8 potions of enlightenment
 v - 7 potions of haste
 x - 4 potions of ambrosia
 G - 7 potions of might
 I - 4 potions of invisibility
 M - 4 potions of heal wounds
 N - 3 potions of cancellation
 U - 2 potions of mutation
 Y - 5 potions of magic
Miscellaneous
 d - a box of beasts
 A - a phantom mirror
 H - a lightning rod (1/4)
 L - a phial of floods


   Skills:
 + Level 23.1 Fighting
 + Level 17.2 Short Blades
 + Level 17.0 Long Blades
 + Level 17.0 Axes
 + Level 17.0 Maces & Flails
 + Level 19.5 Polearms
 + Level 17.0 Staves
 + Level 17.0 Ranged Weapons
 + Level 17.0 Throwing
 + Level 18.7 Armour
 + Level 17.0 Dodging
   Level 0.0 Stealth
 + Level 17.0 Shields
 + Level 17.0 Unarmed Combat
 + Level 17.0 Spellcasting
 + Level 14.5 Conjurations
   Level 0.0 Hexes
 + Level 14.5 Summonings
 + Level 14.7 Necromancy
   Level 0.0 Translocations
 + Level 14.5 Transmutations
   Level 0.0 Fire Magic
 + Level 14.5 Ice Magic
 + Level 14.5 Air Magic
 + Level 14.5 Earth Magic
 + Level 14.5 Poison Magic
 + Level 18.4 Invocations
 + Level 17.0 Evocations
   Level 0.0 Shapeshifting


You had 26 spell levels left.
You knew the following spells:

 Your Spells              Type           Power      Damage    Failure   Level
a - Olgreb's Toxic Radia  Pois           68%        N/A       1%          4
b - Frozen Ramparts       Ice            100%       1d16      1%          3
c - Borgnjor's Vile Clut  Necr/Erth      34%        N/A       1%          5
d - Mephitic Cloud        Conj/Pois/Air  68%        N/A       1%          3
e - Eringya's Noxious Bo  Tmut/Pois      34%        4d6       4%          6
f - Summon Cactus Giant   Summ           34%        N/A       4%          6
g - Freezing Cloud        Conj/Ice/Air   34%        6-21      1%          5

Your spell library contained the following spells:

 Spells                   Type           Power      Damage    Failure   Level
 Freeze                   Ice            100%       1d10      1%          1
 Kiss of Death            Conj/Necr      100%       2d13      1%          1
 Magic Dart               Conj           100%       1d8       1%          1
 Necrotise                Necr           100%       1d9       1%          1
 Shock                    Conj/Air       100%       1d9       1%          1
 Sting                    Tmut/Pois      100%       1d8       1%          1
 Cigotuvi's Dreadful Rot  Necr/Pois/Air  100%       N/A       1%          2
 Poisonous Vapours        Pois/Air       100%       N/A       1%          2
 Searing Ray              Conj           100%       2d8       1%          2
 Sublimation of Blood     Necr           68%        N/A       1%          2
 Wereblood                Tmut           68%        N/A       1%          2
 Hailstorm                Conj/Ice       68%        3d12      1%          3
 Ozocubu's Armour         Ice            68%        N/A       1%          3
 Vampiric Draining        Necr           68%        2d10      1%          3
 Brom's Barrelling Bould  Conj/Erth      68%        2d8       1%          4
 Dispel Undead            Necr           68%        3d23      1%          4
 Leda's Liquefaction      Tmut/Erth      34%        N/A       1%          4
 Summon Ice Beast         Ice/Summ       68%        N/A       1%          4
 Agony                    Necr           68%        N/A       1%          5
 Alistair's Intoxication  Tmut/Pois      45%        N/A       1%          5
 Arcjolt                  Conj/Air       34%        1d44      1%          5
 Irradiate                Conj/Tmut      34%        3d23      1%          5
 Lee's Rapid Deconstruct  Erth           34%        3d17*     1%          5
 Simulacrum               Ice/Necr       34%        N/A       4%          6
 Ozocubu's Refrigeration  Ice            34%        4d15      26%         7
 Summon Hydra             Summ           34%        N/A       26%         7
 Chain Lightning          Conj/Air       34%        3d45      100%        9
 Dragon's Call            Summ           34%        N/A       100%        9
 Polar Vortex             Ice            34%        12d4*     100%        9
 Foxfire                  Conj/Fire      Unusable   2x1d9     N/A         1
 Fulminant Prism          Conj/Hex       Unusable   3d12      N/A         4
 Iskenderun's Mystic Bla  Conj/Tloc      Unusable   2d11      N/A         4
 Vhi's Electric Charge    Tloc/Air       Unusable   N/A       N/A         4
 Apportation              Tloc           Unusable   N/A       N/A         1
 Fireball                 Conj/Fire      Unusable   3d11      N/A         5
 Summon Forest            Summ/Tloc      Unusable   N/A       N/A         5
 Summon Mana Viper        Hex/Summ       Unusable   N/A       N/A         5
 Jinxbite                 Hex            Unusable   N/A       N/A         2
 Lesser Beckoning         Tloc           Unusable   N/A       N/A         2
 Confusing Touch          Hex            Unusable   N/A       N/A         3
 Teleport Other           Tloc           Unusable   N/A       N/A         3
 Tukima's Dance           Hex            Unusable   N/A       N/A         3
 Plasma Beam              Fire/Air       Unusable   2x1d36    N/A         6
 Cause Fear               Hex            Unusable   N/A       N/A         4
 Dimensional Bullseye     Hex/Tloc       Unusable   N/A       N/A         4
 Discord                  Hex            Unusable   N/A       N/A         8
 Ignition                 Fire           Unusable   3d5       N/A         8

Dungeon Overview and Level Annotations

Branches:
Dungeon (15/15)            Temple (1/1) D:7            Lair (5/5) D:11
  Swamp (4/4) Lair:3       Spider (4/4) Lair:2        Slime (0/5) Lair:4
    Orc (2/2) D:11            Elf (0/3) Orc:2        Vaults (5/5) D:13
  Crypt (0/3) Vaults:2     Depths (4/4) D:15           Hell (visited)
    Zot (2/5) Depths:4    Ossuary (visited)          Bailey (visited)
  IceCv (visited)
    Dis: Hell:1         Geh: Hell:1         Coc: Hell:1         Tar: Hell:1

Altars:
Ashenzari
Cheibriados
Dithmenos
Elyvilon
Fedhas
Gozag
Hepliaklqana
Kikubaaqudgha
Makhleb
Nemelex Xobeh
Okawaru
Qazlal
Ru
Sif Muna
Trog
Uskayaw
Vehumet
Wu Jian
Xom
Yredelemnul
Zin
The Shining One
Jiyva

Shops:
D:7 =*[[   D:9 ?   D:10 (   Orc:2 [([=   Vaults:1 *   Depths:2 [
Depths:3 **!!

Portals:
Hell: Depths:1 Depths:2 Depths:3 Depths:4
Abyss: Depths:3
Pandemonium: Depths:2
Ziggurat: Depths:3
Trove: D:11 (give 12 potions of heal wounds)

Annotations:
D:9 2 transporters, olddryhag's ghost, novice OpSh
Hell Geryon


Innate Abilities, Weirdness & Mutations

You have very sharp teeth.
Your magical capacity is low. (-10% MP)
You cannot be stealthy.
You cannot study or cast Fire magic.
You cannot study or cast Hexes magic.
You cannot study or cast Translocations magic.
You have somewhat slow reflexes. (EV -5)
You are slightly weak-willed. (Will-)
You are missing an eye, making it more difficult to aim.
Your uncanny sense of smell can sniff out nearby items.
Your experience applies equally to all skills.
You cannot voluntarily change form.
You have large cloven feet.
You have a somewhat thin skeletal structure. (Dex +2, Stealth+)
Your flesh is cold resistant. (rC+)
You are robust. (+10% HP)


Message History

The black draconian knight breathes lightning at you.
The bolt of lightning misses you.
The black draconian knight struggles against the net.
You block the black draconian knight's attack.
Unknown command.
You redirect the black draconian knight's attack!
The black draconian knight struggles against the net.
You redirect the green draconian monk's attack!
The green draconian monk breathes poison at the black draconian knight.
The blast of poison engulfs the black draconian knight!!
The black draconian knight is poisoned.
Unknown command.
Unknown command.
You redirect the black draconian knight's attack!
The black draconian knight gestures at itself while chanting.
The bolt of cold hits the black draconian knight!!!
The black draconian knight is engulfed in poison gas.
The black draconian knight is poisoned.
The black draconian knight gestures wildly while chanting.
The black draconian knight flickers and vanishes for a moment.
The purple draconian begins to attack, but is stunned by your conviction!
The black draconian knight is engulfed in poison gas.
The black draconian knight looks even sicker.
The black draconian knight struggles against the net.
The black draconian knight roars!
You feel a bit more experienced.
The black draconian knight is no longer blind.
The black draconian knight is engulfed in poison gas.
The black draconian knight looks even sicker.
The black draconian knight breathes lightning at you.
The bolt of lightning hits the black draconian knight.
The black draconian knight completely resists.
The bolt of lightning hits you!!
* * * LOW HITPOINT WARNING * * *
The black draconian knight struggles against the net.
The black draconian knight is engulfed in poison gas.
The black draconian knight looks even sicker.
The black draconian knight breathes lightning at you.
The bolt of lightning hits you!!
You die...

#...#.###...#........#
#....................# #########
#....................# #...##...
#....####..(.......######...##...
#......#...................)....[
#......#..............d.)......q.
#...........###...#.○○○°....##...
#..........<###...#.q☼qq....##...
#.).............@..q.q○°.########
...).......^..........○..#
..))....>............#####
..................####
#...#...........###
................##
..........###..(.#
...........###...# ########...#
#...#


You could see a green draconian monk (catching breath) and 4 draconians.

Vanquished Creatures
  A dread lich (Vaults:4)
  An ancient lich (Depths:4)
  A juggernaut (Depths:1)
  Margery (Vaults:3)
  A caustic shrike (Depths:3)
  6 golden dragons
  The ghost of Oxzi the Archmage, an adept DEHW of Vehumet (Depths:4)
  11 tentacled monstrosities
  The ghost of Emuible the Brawler, an adept TrSh of Ru (Swamp:2)
  9 liches
  6 quicksilver dragons
  A searing wretch (Vaults:3)
  Asterion (Vaults:1)
  5 titans
  A walking divine tome (Depths:2)
  5 sphinxes
  2 ancient champions (Vaults:1)
  Gastronok (D:10)
  5 death cobs
  The ghost of Antoec the Unseen, an adept VSBr of Sif Muna (Vaults:1)
  9 storm dragons
  11 tengu reavers
  A thorn hunter (Swamp:4)
  7 shadow dragons
  Aizul (Vaults:1)
  Donald (Swamp:4)
  A deep elf sorcerer (Vaults:4)
  10 frost giants
  14 fire giants
  An iron dragon (Depths:4)
  A draconian knight (Vaults:1)
  3 emperor scorpions
  A draconian monk (Depths:4)
  2 draconian scorchers
  3 draconian shifters (Zot:1)
  3 orc warlords
  16 vault wardens
  A draconian stormcaller (Zot:1)
  6 ghost moths
  A quicksilver ooze (Lair:5)
  2 spriggan defenders
  25 ironbound preservers
  4 war gargoyles
  9 very ugly things
  2 formless jellyfish
  4 vampire knights
  2 broodmothers (Spider:4)
  17 stone giants
  6 eleionomae
  2 purple draconians
  14 ironbound thunderhulks
  Nessos (Lair:4)
  5 green draconians
  6 red draconians
  7 deep elf death magi
  14 spark wasps
  4 bunyips
  6 dire elephants
  A black draconian (Zot:1)
  3 white draconians
  4 yellow draconians
  15 ettins
  2 merfolk javelineers (Depths:3)
  6 fire dragons
  7 deep elf high priests
  A merfolk impaler (Depths:3)
  2 great orbs of eyes
  7 entropy weavers
  An entropy weaver (shapeshifter) (D:13)
  17 hydras
  13 yaktaur captains
  3 rakshasas
  38 vault guards
  2 spriggan air magi
  4 peacekeepers
  A ghost crab (Swamp:4)
  8 ice dragons
  A catoblepas (Lair:1)
  7 alligators
  2 jorogumos
  8 ironbound frosthearts
  6 ogre magi
  9 boulder beetles
  16 centaur warriors
  3 radroaches (Spider:3)
  A radroach (shapeshifter) (Vaults:4)
  8 death scarabs (Spider:4)
  11 death yaks
  4 tengu warriors (D:15)
  A two-headed ogre (shapeshifter) (Vaults:5)
  7 demonic crawlers
  10 two-headed ogres
  5 deep troll shamans
  7 deep troll earth magi
  Urug (D:13)
  13 hell knights
  An occultist (Depths:1)
  5 spriggan berserkers
  An orc high priest (Orc:2)
  A shock serpent (shapeshifter) (Vaults:5)
  A deep elf knight (D:13)
  3 iron trolls
  A salamander mystic (D:15)
  A sun moth (Spider:4)
  7 skeletal warriors
  3 goliath frogs
  5 pharaoh ants
  3 spriggan druids (Swamp:3)
  A sea snake (shapeshifter) (Vaults:4)
  A deep troll (shapeshifter) (Vaults:4)
  57 deep trolls
  10 orb spiders
  11 bog bodies
  2 glowing orange brains (shapeshifter) (Depths:3)
  5 glowing orange brains
  11 swamp dragons
  2 spectral wolf spiders (Spider:4)
  5 harpies (Vaults:4)
  8 orc knights
  11 steelbarb worms
  16 lindwurms
  An obsidian statue (D:13)
  8 arcanists
  20 ironbound convokers
  A shadow dragon skeleton (Vaults:1)
  4 phantasmal warriors
  25 ugly things
  6 deep elf pyromancers
  8 manticores
  5 orc sorcerers
  14 wolf spiders
  A broodmother zombie (Spider:4)
  11 necromancers
  2 frost giant zombies
  An elephant (shapeshifter) (Depths:1)
  11 moths of wrath
  Maurice (D:12)
  2 fire giant skeletons (Vaults:4)
  5 cyclopes
  3 will-o-the-wisps
  A tengu skeleton (Vaults:1)
  A stone giant skeleton (Vaults:3)
  4 black mambas
  6 kobold blastminers
  A frost giant skeleton (Vaults:3)
  12 elephants
  An ice statue (IceCv)
  2 water nymphs (Swamp:3)
  23 vault sentinels
  A gargoyle (D:14)
  3 centaur skeletons (D:13)
  6 cane toads
  Jeremiah (D:6)
  4 torpor snails
  An elf zombie (Vaults:3)
  A kobold demonologist (D:12)
  2 unseen horrors (shapeshifter)
  10 rime drakes
  2 spectral redbacks (Spider:4)
  A komodo dragon (shapeshifter) (Vaults:4)
  7 komodo dragons
  33 yaktaurs
  An efreet (D:15)
  An unseen horror (D:11)
  8 tengu conjurers
  6 meliai
  8 trolls
  5 spectral jumping spiders (Spider:4)
  A meliai (shapeshifter) (D:10)
  A polar bear (shapeshifter) (D:10)
  12 tyrant leeches
  12 hornets
  2 human skeletons
  15 tarantellas
  A jumping spider zombie (Spider:4)
  18 polar bears
  A raiju (shapeshifter) (Depths:3)
  Grinder (D:6)
  12 blink frogs
  3 spectral tarantellas (Spider:4)
  A spectral culicivora (Spider:4)
  A dream sheep (shapeshifter) (D:15)
  2 tarantellas (shapeshifter)
  A tarantella zombie (Spider:4)
  2 human simulacra (Vaults:3)
  49 slime creatures
  A dream sheep (Lair:5)
  An ettin zombie (Vaults:3)
  A stone giant simulacrum (Vaults:4)
  3 vampires
  10 culicivoras
  32 spriggans
  12 jumping spiders
  A shadow (D:9)
  7 water elementals (Depths:3)
  55 yaks
  3 wraiths
  3 wyverns
  8 basilisks
  8 wargs
  Grum (D:10)
  5 vampire mosquitoes
  24 redbacks
  A glowing shapeshifter zombie (Vaults:1)
  Edmund (D:5)
  15 swamp worms
  An elf skeleton (Vaults:1)
  6 acid dragons
  12 water moccasins
  58 orc warriors
  10 black bears
  An ice beast (D:7)
  6 swamp drakes (Swamp:4)
  2 elephant zombies (Lair:4)
  An elf simulacrum (Vaults:1)
  9 ogres
  3 boggarts (Lair:5)
  44 wolves
  5 centaurs
  3 phantoms
  3 human zombies
  5 kobold brigands
  Blork the orc (D:5)
  7 bullfrogs
  A gnoll sergeant (D:9)
  A scorpion (D:4)
  An ogre simulacrum (Vaults:3)
  7 wights
  46 killer bees
  An electric eel (Lair:4)
  2 basilisk zombies (Lair:4)
  3 gnoll boudas
  24 orc priests
  2 sleepcaps
  9 jellies
  4 hounds
  6 iguanas
  Terence (D:3)
  26 orc wizards
  Robin (D:3)
  6 adders
  13 gnolls
  A shadow imp (D:8)
  18 white imps
  7 ufetubi
  2 worms
  3 dart slugs
  113 orcs
  5 ball pythons
  6 endoplasms
  3 giant cockroaches (D:1)
  9 hobgoblins
  4 jackals (D:2)
  29 kobolds
  3 quokkas
  2 ball python skeletons (Ossuary)
  4 bats
  4 frilled lizards
  16 goblins
  A hobgoblin skeleton (Ossuary)
  3 hobgoblin zombies (Ossuary)
  A kobold zombie (Ossuary)
  An orc skeleton (Ossuary)
  12 rats
1897 creatures vanquished.

Vanquished Creatures (collateral kills)
  A dread lich (Depths:4)
  Sojobo (Vaults:1)
  the Lernaean hydra (Swamp:4)
  A caustic shrike (Depths:2)
  A golden dragon (Depths:1)
  A lich (Depths:4)
  2 emperor scorpions (Spider:4)
  A ghost moth (Spider:4)
  A vault warden (Vaults:5)
  A stone giant (Depths:1)
  A fire dragon (Depths:1)
  2 ice dragons (Depths:1)
  2 tengu warriors (Depths:1)
  A glowing orange brain (Depths:1)
  A steelbarb worm (Spider:4)
  A spectral redback (Spider:4)
  A spectral jumping spider (Spider:4)
20 creatures vanquished.

Vanquished Creatures (others)
  Mlioglotl (Lair:3)
  A lich (Depths:4)
  A tengu reaver (Vaults:4)
  An ironbound preserver (Vaults:3)
  2 stone giants
  2 eleionomae
  A spark wasp (Depths:4)
  2 bunyips
  A fire dragon (Depths:1)
  3 ettins
  A yaktaur captain (Vaults:1)
  5 hydras
  3 ice dragons
  2 alligators
  A death yak (Lair:5)
  A deep troll shaman (Depths:3)
  2 tengu warriors (D:15)
  An occultist (Depths:2)
  An iron troll (Depths:4)
  2 goliath frogs
  2 swamp dragons (Swamp:4)
  5 deep trolls
  A phantasmal warrior (Vaults:4)
  2 steelbarb worms
  An ironbound convoker (Vaults:1)
  A lindwurm (Lair:4)
  A wolf spider (Spider:4)
  An ugly thing (Vaults:3)
  A moth of wrath (Zot:1)
  A vault sentinel (Vaults:4)
  A centaur skeleton (D:13)
  3 yaktaurs
  A komodo dragon (Lair:5)
  2 polar bears
  7 bloated husks
  2 tyrant leeches
  2 slime creatures
  2 spriggans
  A water elemental (Depths:3)
  A redback (Spider:1)
  A swamp worm (Swamp:2)
  2 orc warriors (Orc:1)
  3 swamp drakes
  A wolf (Lair:2)
  4 orcs
  38 foxfires
121 creatures vanquished.

Grand Total: 2038 creatures vanquished

Notes
Turn   | Place    | Note
-------+----------+-------------------------------------------
     0 | D:1      | Reached skill level 10 in Polearms
     0 | D:1      | greenreed the Gnoll Wanderer began the quest for the Orb.
     0 | D:1      | greenreed set off with the following items: a +2 spear, a
                  | +0 short sword, a +0 scale mail, a potion of attraction.
     0 | D:1      | Reached XP level 1. HP: 13/13 MP: 1/1
   318 | D:1      | Reached XP level 2. HP: 19/19 MP: 2/2
   606 | D:1      | Reached XP level 3. HP: 25/25 MP: 3/3
   851 | D:1      | Reached skill level 1 in Invocations
   982 | D:2      | Reached skill level 1 in Fighting
   982 | D:2      | Reached skill level 1 in Long Blades
   982 | D:2      | Reached skill level 1 in Axes
   982 | D:2      | Reached skill level 1 in Maces & Flails
   982 | D:2      | Reached skill level 1 in Staves
   982 | D:2      | Reached skill level 1 in Ranged Weapons
   982 | D:2      | Reached skill level 1 in Throwing
   982 | D:2      | Reached skill level 1 in Dodging
   982 | D:2      | Reached skill level 1 in Stealth
   982 | D:2      | Reached skill level 1 in Shields
   982 | D:2      | Reached skill level 1 in Unarmed Combat
   982 | D:2      | Reached skill level 1 in Spellcasting
   982 | D:2      | Reached skill level 1 in Evocations
  1197 | D:2      | Reached skill level 1 in Shapeshifting
  1197 | D:2      | Reached XP level 4. HP: 32/32 MP: 5/5
  1754 | D:3      | Noticed Terence
  1779 | D:3      | Killed Terence
  1780 | D:3      | Reached skill level 1 in Conjurations
  1780 | D:3      | Reached skill level 1 in Hexes
  1780 | D:3      | Reached skill level 1 in Summonings
  1780 | D:3      | Reached skill level 1 in Necromancy
  1780 | D:3      | Reached skill level 1 in Translocations
  1780 | D:3      | Reached skill level 1 in Transmutations
  1780 | D:3      | Reached skill level 1 in Fire Magic
  1780 | D:3      | Reached skill level 1 in Ice Magic
  1780 | D:3      | Reached skill level 1 in Air Magic
  1780 | D:3      | Reached skill level 1 in Earth Magic
  1780 | D:3      | Reached skill level 1 in Poison Magic
  1788 | D:3      | Identified the +4 scale mail "Quibil" {Harm ^Drain Will+
                  | Dex+2}
  1803 | D:3      | Noticed Robin
  1836 | D:3      | Killed Robin
  1837 | D:3      | Reached XP level 5. HP: 34/37 MP: 5/7
  2382 | D:4      | Reached XP level 6. HP: 41/44 MP: 8/8
  2562 | D:4      | Reached skill level 2 in Fighting
  2854 | D:4      | Identified the +6 spear "Unkoelal" {flame, Int+6 SInv}
  2952 | D:4      | Reached XP level 7. HP: 50/50 MP: 10/10
  3092 | D:5      | Entered Level 5 of the Dungeon
  3110 | D:5      | Identified the +1 scale mail of the Pit {Harm Int+4 Dex+3}
  3229 | D:5      | Found a sand-covered staircase.
  3234 | D:5      | Noticed Edmund
  3250 | D:5      | Killed Edmund
  3251 | D:5      | Reached skill level 3 in Fighting
  3269 | Ossuary  | Entered an ossuary
  3412 | Ossuary  | Noticed a flying skull
  3412 | Ossuary  | Noticed a wraith
  3421 | Ossuary  | Noticed a flying skull
  3425 | Ossuary  | Noticed a flying skull
  3446 | Ossuary  | Noticed a flying skull
  3458 | Ossuary  | Reached XP level 8. HP: 58/58 MP: 12/12
  3488 | Ossuary  | Noticed a wraith
  3507 | Ossuary  | Killed a wraith
  3570 | Ossuary  | Noticed a wraith
  3577 | Ossuary  | Killed a wraith
  3578 | Ossuary  | Reached skill level 4 in Fighting
  3761 | D:5      | Noticed Blork the orc
  3947 | D:5      | Killed Blork the orc
  4187 | D:5      | Reached XP level 9. HP: 64/67 MP: 14/14
  4207 | D:5      | Found a glowing golden altar of the Shining One.
  4257 | D:5      | Reached skill level 5 in Fighting
  4507 | D:6      | Noticed Jeremiah
  4550 | D:6      | Killed Jeremiah
  4551 | D:6      | Reached skill level 5 in Short Blades
  5072 | D:6      | Noticed Grinder
  5072 | D:6      | Paralysed by Grinder for 3 turns
  5082 | D:6      | Killed Grinder
  5516 | D:7      | Reached skill level 6 in Fighting
  5524 | D:7      | Reached skill level 5 in Invocations
  5740 | D:7      | Found Fudyku's Antique Armour Shoppe.
  5744 | D:7      | Bought a pair of glowing gloves for 195 gold pieces
  5842 | D:7      | Found Zuoschir's Assorted Antiques.
  5917 | D:7      | Found a flagged portal.
  5923 | Bailey   | Entered a bailey
  6496 | Bailey   | Reached XP level 10. HP: 45/77 MP: 17/17
  6511 | Bailey   | Reached skill level 5 in Long Blades
  6511 | Bailey   | Reached skill level 5 in Axes
  6511 | Bailey   | Reached skill level 5 in Maces & Flails
  6511 | Bailey   | Reached skill level 5 in Staves
  6511 | Bailey   | Reached skill level 5 in Ranged Weapons
  6511 | Bailey   | Reached skill level 5 in Throwing
  6511 | Bailey   | Reached skill level 5 in Dodging
  6511 | Bailey   | Reached skill level 5 in Stealth
  6511 | Bailey   | Reached skill level 5 in Shields
  6511 | Bailey   | Reached skill level 5 in Unarmed Combat
  6511 | Bailey   | Reached skill level 5 in Spellcasting
  6511 | Bailey   | Reached skill level 5 in Evocations
  6714 | Bailey   | Reached skill level 10 in Armour
  6922 | Bailey   | Noticed an orc knight
  6922 | Bailey   | Noticed an orc knight
  6923 | Bailey   | Reached skill level 8 in Fighting
  6923 | Bailey   | Reached skill level 5 in Conjurations
  6923 | Bailey   | Reached skill level 5 in Hexes
  6923 | Bailey   | Reached skill level 5 in Summonings
  6923 | Bailey   | Reached skill level 5 in Necromancy
  6923 | Bailey   | Reached skill level 5 in Translocations
  6923 | Bailey   | Reached skill level 5 in Transmutations
  6923 | Bailey   | Reached skill level 5 in Fire Magic
  6923 | Bailey   | Reached skill level 5 in Ice Magic
  6923 | Bailey   | Reached skill level 5 in Air Magic
  6923 | Bailey   | Reached skill level 5 in Earth Magic
  6923 | Bailey   | Reached skill level 5 in Poison Magic
  6923 | Bailey   | Reached skill level 5 in Shapeshifting
  6923 | Bailey   | Reached XP level 11. HP: 87/87 MP: 17/20
  7212 | Bailey   | Killed an orc knight
  7280 | Bailey   | Killed an orc knight
  7281 | Bailey   | Reached skill level 9 in Fighting
  7549 | Bailey   | Identified the staff "Innyxis" {rElec rN+ Dex+4 Air}
  7856 | D:7      | Found a staircase to the Ecumenical Temple.
  7867 | Temple   | Entered the Ecumenical Temple
  7912 | Temple   | Became a worshipper of Ru the Awakened
  8070 | D:7      | Found Issonkyg's Jewellery Shop.
  8170 | D:7      | Found Giconuaj's Antique Armour Boutique.
  9001 | D:8      | Found Qoefewud's CLEARANCE SALE!.
  9010 | D:8      | Bought a scroll of teleportation for 24 gold pieces
  9010 | D:8      | Bought a scroll of teleportation for 24 gold pieces
  9010 | D:8      | Bought 2 potions of curing for 48 gold pieces
  9019 | D:8      | Noticed a two-headed ogre
  9026 | D:8      | Killed a two-headed ogre
 10118 | D:9      | Found a transporter.
 10120 | D:9      | Noticed a cyclops
 10120 | D:9      | Noticed olddryhag's ghost (novice OpSh)
 10121 | D:9      | Noticed a boulder beetle
 10122 | D:9      | Found a transporter.
 10256 | D:9      | Noticed a manticore
 10298 | D:9      | Noticed a boulder beetle
 10298 | D:9      | Noticed an arcanist
 10303 | D:9      | Killed a manticore
 10315 | D:9      | Noticed a boulder beetle
 10317 | D:9      | Killed an arcanist
 10661 | D:9      | Killed a boulder beetle
 10873 | D:9      | Found Haghoeli's Magic Scroll Shoppe.
 10878 | D:9      | Bought a scroll of identify for 24 gold pieces
 10878 | D:9      | Bought a scroll of noise for 12 gold pieces
 10978 | D:9      | Killed a boulder beetle
 10979 | D:9      | Reached XP level 12. HP: 83/97 MP: 19/22
 11082 | D:9      | Reached skill level 10 in Fighting
 11166 | D:10     | Entered Level 10 of the Dungeon
 11166 | D:10     | Noticed Gastronok
 11199 | D:10     | Killed Gastronok
 11347 | D:10     | Found Agook's Weapon Shop.
 11559 | D:10     | Noticed Grum
 11572 | D:10     | Killed Grum
 12199 | D:11     | Noticed a boulder beetle
 12231 | D:11     | Killed a boulder beetle
 12232 | D:11     | Gained mutation: You are missing an eye, making it more
                  | difficult to aim. [Ru sacrifice]
 12232 | D:11     | Reached * piety under Ru
 12416 | D:11     | Found a staircase to the Orcish Mines.
 12680 | D:11     | Found a staircase to the Lair.
 12852 | D:11     | Noticed a two-headed ogre
 12860 | D:11     | Killed a two-headed ogre
 12952 | D:11     | Found a portal to a secret trove of treasure.
 13123 | D:10     | Reached skill level 11 in Fighting
 13182 | D:9      | Found a blossoming altar of Fedhas.
 13532 | D:12     | Noticed Maurice
 13532 | D:12     | Found a frozen archway.
 13544 | D:12     | Killed Maurice
 13619 | D:12     | Identified the +6 sling of Tomorrow {freeze, rPois rF+
                  | Will+}
 13662 | D:12     | Reached XP level 13. HP: 106/106 MP: 25/25
 13949 | IceCv    | Entered an ice cave
 15165 | IceCv    | Noticed a frost giant
 15196 | IceCv    | Killed a frost giant
 15197 | IceCv    | Reached skill level 12 in Fighting
 16832 | D:13     | Noticed an entropy weaver
 16844 | D:13     | Killed an entropy weaver
 16845 | D:13     | Reached XP level 14. HP: 96/116 MP: 25/27
 16992 | D:13     | Reached skill level 10 in Invocations
 17525 | D:13     | Noticed Urug
 17539 | D:13     | Killed Urug
 18282 | D:13     | Found a gate to the Vaults.
 19125 | D:14     | Found a sparkling altar of Nemelex Xobeh.
 19234 | D:14     | Reached skill level 13 in Fighting
 19646 | D:14     | Reached skill level 10 in Short Blades
 19975 | D:14     | Found a broken altar of Ashenzari.
 20603 | D:14     | Gained mutation: You are slightly weak-willed. (Will-) [Ru
                  | sacrifice]
 20603 | D:14     | Reached ** piety under Ru
 21025 | D:9      | Bought a scroll of acquirement for 624 gold pieces
 21026 | D:9      | Acquired 959 gold pieces
 21031 | D:9      | Bought a scroll of acquirement for 624 gold pieces
 21032 | D:9      | Acquired 614 gold pieces
 21145 | Lair:1   | Entered Level 1 of the Lair of Beasts
 21308 | Lair:1   | Acquired 930 gold pieces
 22668 | Lair:2   | Reached XP level 15. HP: 115/124 MP: 25/28
 22687 | Lair:2   | Reached skill level 10 in Long Blades
 22687 | Lair:2   | Reached skill level 10 in Axes
 22687 | Lair:2   | Reached skill level 10 in Maces & Flails
 22687 | Lair:2   | Reached skill level 10 in Staves
 22687 | Lair:2   | Reached skill level 10 in Ranged Weapons
 22687 | Lair:2   | Reached skill level 10 in Throwing
 22687 | Lair:2   | Reached skill level 10 in Dodging
 22687 | Lair:2   | Reached skill level 10 in Stealth
 22687 | Lair:2   | Reached skill level 10 in Shields
 22687 | Lair:2   | Reached skill level 10 in Unarmed Combat
 22687 | Lair:2   | Reached skill level 10 in Spellcasting
 22687 | Lair:2   | Reached skill level 10 in Evocations
 23238 | Lair:2   | Found a hole to the Spider Nest.
 23253 | Lair:2   | Gained mutation: You cannot voluntarily change form. [Ru
                  | sacrifice]
 23253 | Lair:2   | Reached *** piety under Ru
 24876 | Lair:3   | Reached skill level 14 in Fighting
 25085 | Lair:3   | Found a staircase to the Swamp.
 25430 | Lair:4   | Identified the +0 dagger "Olafren" {freeze, Str+4}
 25431 | Lair:4   | Gained mutation: You cannot study or cast Fire magic. [Ru
                  | sacrifice]
 25431 | Lair:4   | Gained mutation: You cannot study or cast Hexes magic. [Ru
                  | sacrifice]
 25431 | Lair:4   | Gained mutation: You cannot study or cast Translocations
                  | magic. [Ru sacrifice]
 25431 | Lair:4   | Reached **** piety under Ru
 25923 | Lair:4   | Noticed Nessos
 26385 | Lair:4   | Found a viscous altar of Jiyva.
 26388 | Lair:4   | Found a staircase to the Slime Pits.
 26402 | Lair:4   | Killed Nessos
 26408 | Lair:4   | HP: 6/126 [poisoned by Nessos]
 26413 | Lair:4   | HP: 2/126 [poisoned by Nessos]
 26920 | Lair:5   | Entered Level 5 of the Lair of Beasts
 28158 | Lair:5   | Identified the staff of Iconoclasm {rF+ rN+ rCorr Int+3
                  | SInv Fire}
 28923 | Lair:5   | Reached XP level 16. HP: 24/134 MP: 1/30
 30295 | Orc:1    | Entered Level 1 of the Orcish Mines
 30400 | D:11     | Reached skill level 15 in Fighting
 31746 | D:7      | Bought the amulet "Nadao" {Acrobat Will+ Str+3} for 684
                  | gold pieces
 32194 | Orc:2    | Entered Level 2 of the Orcish Mines
 32332 | Orc:2    | Paralysed by an orc sorcerer for 3 turns
 32361 | Orc:2    | Found Seblimit's Jewellery Shoppe.
 32659 | Orc:2    | Found a staircase to the Elven Halls.
 33111 | Orc:2    | Gained mutation: You have somewhat slow reflexes. (EV -5)
                  | [Ru sacrifice]
 33111 | Orc:2    | Reached ***** piety under Ru
 33455 | Orc:1    | Reached skill level 15 in Polearms
 33612 | Orc:2    | Found Tixez's Antique Weapon Shop.
 33614 | Orc:2    | Found Aneolu's Antique Armour Boutique.
 33886 | Orc:2    | Found Tosk's Antique Armour Boutique.
 33965 | Orc:2    | Bought heavily runed pearl dragon scales for 2691 gold
                  | pieces
 33965 | Orc:2    | Identified the +4 pearl dragon scales of Dogma {rPois rN+
                  | Regen+ Stlth-} (You bought it in a shop on level 2 of the
                  | Orcish Mines)
 34149 | Swamp:1  | Entered Level 1 of the Swamp
 34246 | Swamp:1  | Noticed Mlioglotl
 34356 | Lair:3   | Noticed a bone dragon
 34357 | Lair:3   | Noticed a tentacled starspawn
 34362 | Lair:3   | Killed Mlioglotl
 34630 | Swamp:1  | Found a hide-covered altar of Uskayaw.
 36011 | Swamp:2  | Found a runed translucent door.
 36011 | Swamp:2  | Noticed Emuible's ghost (adept TrSh)
 36053 | Swamp:2  | Killed Emuible's ghost
 36058 | Swamp:2  | Identified the +0 helmet of Defiance {+Blink rCorr Int+4}
 36407 | D:7      | Bought a glowing tower shield for 195 gold pieces
 36730 | Swamp:3  | Reached XP level 17. HP: 104/144 MP: 32/32
 37174 | Swamp:3  | Reached skill level 16 in Fighting
 37464 | Swamp:3  | Learned a level 4 spell: Olgreb's Toxic Radiance
 37468 | Swamp:3  | Learned a level 3 spell: Frozen Ramparts
 37549 | Swamp:3  | HP: 2/144 [drowned by a water nymph (11)]
 37830 | Swamp:4  | Entered Level 4 of the Swamp
 38080 | Swamp:4  | Reached skill level 10 in Conjurations
 38080 | Swamp:4  | Reached skill level 10 in Summonings
 38080 | Swamp:4  | Reached skill level 10 in Necromancy
 38080 | Swamp:4  | Reached skill level 10 in Transmutations
 38080 | Swamp:4  | Reached skill level 10 in Ice Magic
 38080 | Swamp:4  | Reached skill level 10 in Air Magic
 38080 | Swamp:4  | Reached skill level 10 in Earth Magic
 38080 | Swamp:4  | Reached skill level 10 in Poison Magic
 38233 | Swamp:4  | Noticed Donald
 38923 | Swamp:4  | Killed Donald
 39268 | Swamp:4  | Noticed the 27-headed Lernaean hydra
 39270 | Swamp:4  | Killed the 27-headed Lernaean hydra
 39275 | Swamp:4  | Got a decaying rune of Zot
 39591 | Spider:1 | Entered Level 1 of the Spider Nest
 40661 | Spider:2 | Acquired 713 gold pieces
 41341 | Spider:2 | Reached XP level 18. HP: 96/153 MP: 34/34
 41428 | Spider:2 | Gained mutation: You cannot be stealthy. [Ru sacrifice]
 42290 | Spider:3 | Reached skill level 17 in Fighting
 42771 | Spider:3 | Learned a level 5 spell: Borgnjor's Vile Clutch
 42841 | Spider:4 | Entered Level 4 of the Spider Nest
 43450 | Spider:4 | Reached skill level 15 in Armour
 45031 | Spider:4 | Got a gossamer rune of Zot
 45445 | D:15     | Entered Level 15 of the Dungeon
 45542 | D:15     | Reached XP level 19. HP: 123/163 MP: 31/36
 46031 | D:15     | Found a blossoming altar of Fedhas.
 46233 | D:15     | Found a staircase to the Depths.
 46561 | Vaults:1 | Entered Level 1 of the Vaults
 46567 | Vaults:1 | Identified the serpent talisman of Lodopeagh {Fly}
 46567 | Vaults:1 | Noticed Aizul
 46609 | Vaults:1 | Killed Aizul
 46671 | Vaults:1 | Reached skill level 18 in Fighting
 47120 | Vaults:1 | Found Batt's Assorted Antiques.
 47131 | Vaults:1 | Bought a scroll of acquirement for 1248 gold pieces
 47131 | Vaults:1 | Acquired 834 gold pieces
 47133 | Vaults:1 | Bought a scroll of teleportation for 72 gold pieces
 47205 | Vaults:1 | Found a large runed translucent door.
 47205 | Vaults:1 | Found a large runed translucent door.
 47207 | Vaults:1 | Noticed Antoec's ghost (adept VSBr)
 47271 | Vaults:1 | Killed Antoec's ghost
 47840 | Vaults:1 | Noticed Sojobo
 47840 | Vaults:1 | Noticed Asterion
 47853 | Vaults:1 | Killed Sojobo
 47865 | Vaults:1 | Killed Asterion
 48011 | Vaults:1 | Identified the +0 scale mail "Tochol" {Regen+}
 48174 | Vaults:1 | Identified the +2 arbalest of Qyofaleps {heavy, rCorr
                  | Str+2}
 49013 | Vaults:2 | Reached XP level 20. HP: 157/172 MP: 24/37
 49206 | Vaults:2 | Identified the +0 rapier of Noej {heavy, rElec rC+ Stlth+}
 49466 | Vaults:2 | Reached skill level 15 in Invocations
 49892 | Vaults:2 | Reached skill level 19 in Fighting
 50237 | Vaults:2 | Found a staircase to the Crypt.
 51988 | Vaults:3 | Reached XP level 21. HP: 85/138 MP: 19/39
 52772 | Vaults:3 | Paralysed by a formless jellyfish for 1 turns
 52989 | Vaults:3 | Noticed Margery
 53010 | Vaults:3 | Killed Margery
 53525 | Vaults:4 | Reached skill level 20 in Fighting
 54148 | Vaults:4 | Reached skill level 15 in Short Blades
 54208 | Vaults:4 | Paralysed by a sphinx for 4 turns
 54564 | Vaults:4 | Identified the +2 robe of the Sun {Archmagi}
 54924 | Vaults:4 | Reached skill level 15 in Long Blades
 54924 | Vaults:4 | Reached skill level 15 in Axes
 54924 | Vaults:4 | Reached skill level 15 in Maces & Flails
 54924 | Vaults:4 | Reached skill level 15 in Staves
 54924 | Vaults:4 | Reached skill level 15 in Ranged Weapons
 54924 | Vaults:4 | Reached skill level 15 in Throwing
 54924 | Vaults:4 | Reached skill level 15 in Dodging
 54924 | Vaults:4 | Reached skill level 15 in Shields
 54924 | Vaults:4 | Reached skill level 15 in Unarmed Combat
 54924 | Vaults:4 | Reached skill level 15 in Spellcasting
 54924 | Vaults:4 | Reached skill level 15 in Evocations
 55262 | Vaults:4 | Gained mutation: Your health recovers twice as slowly from
                  | being drained. [potion of mutation]
 55262 | Vaults:4 | Gained mutation: Your natural rate of healing is unusually
                  | fast. [potion of mutation]
 55263 | Vaults:4 | Lost mutation: Your natural rate of healing is unusually
                  | fast. [potion of mutation]
 55263 | Vaults:4 | Lost mutation: Your health recovers twice as slowly from
                  | being drained. [potion of mutation]
 55263 | Vaults:4 | Gained mutation: Your system is resistant to poisons.
                  | (rPois) [potion of mutation]
 55263 | Vaults:4 | Gained mutation: You occasionally lose the ability to read
                  | scrolls when taking damage. [potion of mutation]
 55263 | Vaults:4 | Gained mutation: You have a somewhat thin skeletal
                  | structure. (Dex +2, Stealth+) [potion of mutation]
 55263 | Vaults:4 | Gained mutation: You possess an exceptional clarity of
                  | mind. [potion of mutation]
 55264 | Vaults:4 | Lost mutation: Your system is resistant to poisons. (rPois)
                  | [potion of mutation]
 55264 | Vaults:4 | Lost mutation: You possess an exceptional clarity of mind.
                  | [potion of mutation]
 55264 | Vaults:4 | Gained mutation: Your system is resistant to poisons.
                  | (rPois) [potion of mutation]
 55265 | Vaults:4 | Lost mutation: You have a somewhat thin skeletal structure.
                  | (Dex +2, Stealth+) [potion of mutation]
 55265 | Vaults:4 | Lost mutation: You occasionally lose the ability to read
                  | scrolls when taking damage. [potion of mutation]
 55265 | Vaults:4 | Lost mutation: Your system is resistant to poisons. (rPois)
                  | [potion of mutation]
 55265 | Vaults:4 | Gained mutation: Your flesh is cold resistant. (rC+)
                  | [potion of mutation]
 55265 | Vaults:4 | Gained mutation: You have hidden genetic defects. [potion
                  | of mutation]
 55265 | Vaults:4 | Gained mutation: You are weak. (Str -2) [potion of
                  | mutation]
 55265 | Vaults:4 | Gained mutation: Your flesh is heat resistant. (rF+)
                  | [potion of mutation]
 55321 | Vaults:4 | Lost mutation: Your flesh is heat resistant. (rF+) [potion
                  | of mutation]
 55321 | Vaults:4 | Lost mutation: You are weak. (Str -2) [potion of mutation]
 55321 | Vaults:4 | Lost mutation: You have hidden genetic defects. [potion of
                  | mutation]
 55321 | Vaults:4 | Gained mutation: You have a somewhat thin skeletal
                  | structure. (Dex +2, Stealth+) [potion of mutation]
 55321 | Vaults:4 | Gained mutation: You are robust. (+10% HP) [potion of
                  | mutation]
 55321 | Vaults:4 | Gained mutation: You have large cloven feet. [potion of
                  | mutation]
 55613 | Vaults:4 | Learned a level 3 spell: Mephitic Cloud
 55620 | Vaults:4 | Learned a level 6 spell: Eringya's Noxious Bog
 55818 | Vaults:5 | Entered Level 5 of the Vaults
 55826 | Vaults:5 | Reached XP level 22. HP: 198/211 MP: 35/41
 55882 | Vaults:5 | Noticed a dread lich
 55897 | Vaults:5 | Noticed a golden dragon
 55904 | Vaults:5 | Identified the +9 dire flail "Kufab" {freeze, Str+5}
 55909 | Vaults:5 | Paralysed by a dread lich for 3 turns
 55909 | Vaults:5 | HP: 10/207 [phantasmal warrior (5)]
 55910 | Vaults:5 | HP: 4/208 [shadow dragon (1)]
 55912 | Vaults:5 | Identified the ring "Zairy" {Will+ Dex+3 Slay-5 Stlth+}
 55954 | Vaults:5 | Identified the +6 halberd of Debt {heavy, Dex+2}
 56430 | Vaults:4 | Killed a golden dragon
 56854 | Vaults:4 | Reached skill level 21 in Fighting
 57072 | Vaults:4 | Paralysed by a dread lich for 4 turns
 57080 | Vaults:4 | Killed a dread lich
 57729 | Vaults:5 | Paralysed by an ogre mage for 5 turns
 58379 | Vaults:5 | Identified the +6 orcbow of Bankruptcy {speed, Dex+3 SInv}
 58467 | Vaults:5 | Got Vehumet's Quarto of the Fifth Circle
 58513 | Vaults:5 | Got a silver rune of Zot
 58797 | Vaults:5 | Got the Precepts of the Petrified Jaunt
 58810 | Vaults:5 | Identified the +0 chain mail "Ziuthuul" {rElec rN+ Int+3}
 59052 | Vaults:5 | Identified the scarf of the Circus Animal {repulsion, -Tele
                  | rElec Int+5}
 59377 | Depths:1 | Entered Level 1 of the Depths
 59478 | Depths:1 | Reached XP level 23. HP: 220/220 MP: 34/42
 59516 | Depths:1 | Noticed a juggernaut
 59519 | Depths:1 | Found a gateway to Hell.
 59542 | Depths:1 | Killed a juggernaut
 60028 | Depths:1 | Learned a level 6 spell: Summon Cactus Giant
 61210 | Depths:1 | Got the Information on Contamination and Arcane Combat
 61226 | Depths:1 | Noticed a golden dragon
 61261 | Depths:1 | Identified the +7 morningstar "Tormentor" {venom, Dex+3}
 61264 | Depths:1 | Killed a golden dragon
 61553 | Hell     | Entered the Vestibule of Hell
 61553 | Hell     | Noticed Geryon
 61687 | Depths:2 | Noticed a caustic shrike
 61700 | Depths:2 | Killed a caustic shrike
 61702 | Depths:2 | Noticed a golden dragon
 61730 | Depths:2 | Killed a golden dragon
 61897 | Depths:1 | Learned a level 5 spell: Freezing Cloud
 62327 | Depths:2 | Reached skill level 22 in Fighting
 62565 | Depths:2 | Found Dikk's Armour Emporium.
 62721 | Depths:2 | Found a one-way gate leading to the halls of Pandemonium.
 62935 | Depths:3 | Found a one-way gate to the infinite horrors of the Abyss.
 63259 | Depths:3 | Found Ciyrai Hois's Distillery.
 63261 | Depths:3 | Found Judogev's Distillery.
 63261 | Depths:3 | Found Ralougowk's Assorted Antiques.
 63266 | Depths:3 | Found Tunehont's Assorted Antiques.
 63331 | Depths:3 | Found a one-way gateway to a ziggurat.
 63332 | Depths:3 | Identified the +0 ring mail of Hide-and-Seek {rPois rCorr
                  | Int+5}
 63486 | Depths:3 | Found a shadowy altar of Dithmenos.
 63499 | Depths:3 | Noticed a golden dragon
 63519 | Depths:3 | Killed a golden dragon
 63604 | Depths:3 | Reached XP level 24. HP: 212/232 MP: 32/43
 63821 | Depths:3 | Identified the +1 ring mail "Paqudioh" {Rampage Int+6}
 64111 | Depths:3 | Noticed a caustic shrike
 64143 | Depths:3 | Killed a caustic shrike
 64270 | Depths:3 | Got Pannech's Tome of Attacks
 64599 | Depths:4 | Entered Level 4 of the Depths
 64760 | Depths:4 | Found a gate to the Realm of Zot.
 65732 | Depths:4 | Found a runed translucent gate.
 65732 | Depths:4 | Found a runed translucent gate.
 65732 | Depths:4 | Found an ancient bone altar of Kikubaaqudgha.
 65732 | Depths:4 | Found a runed translucent gate.
 65732 | Depths:4 | Noticed Oxzi's ghost (adept DEHW)
 65732 | Depths:4 | Noticed a dread lich
 65733 | Depths:4 | Noticed an ancient lich
 65756 | Depths:4 | Killed an ancient lich
 65756 | Depths:4 | Killed Oxzi's ghost
 65758 | Depths:4 | Killed a dread lich
 65771 | Depths:4 | Identified the +2 hat of the Gloaming {Str+2}
 65812 | Depths:4 | Identified the ring "Ykoxt" {Fly Will+}
 65979 | Zot:1    | Entered Level 1 of the Realm of Zot
 66177 | Zot:1    | Identified the +0 helmet of Diriguf {Dex+3}
 66769 | Zot:1    | Gained mutation: Your magical capacity is low. (-10% MP)
                  | [Ru sacrifice]
 66769 | Zot:1    | Reached ****** piety under Ru
 67416 | Zot:1    | Reached skill level 23 in Fighting
 67768 | Zot:2    | Reached XP level 25. HP: 164/221 MP: 17/39
 68164 | Zot:2    | HP: 5/219 [black draconian knight/bolt of lightning[Tiamat]
                  | (25)]
 68164 | Zot:2    | Killed from afar by a black draconian knight

Illustrated notes

Levels and vault maps discovered:
D:1:      elethiomel_arrival_diamonds, layout_basic
D:2:      layout_basic, minmay_hedge_maze, minmay_misc_feat_more_columns
D:3:      layout_rooms, uniq_robin, uniq_terence
D:4:      layout_rooms
D:5:      layout_rooms, mainiacjoe_overflow_catwalk, enter_ossuary_1,
          serial_bayou_pond_b, uniq_edmund, uniq_blork_the_orc
D:6:      layout_cave_pods, nicolae_zig_zag_zippers, uniq_grinder, uniq_jeremiah
D:7:      layout_basic, minmay_temple_entry_stoned_glass, serial_shops,
          nicolae_shop_back_alley_shop, nicolae_shop_pleasant_corner_grove,
          shop, shop, enter_bailey_3, kennysheep_generic_room_2
D:8:      layout_basic, serial_demonic, serial_demonic_g, serial_demonic_c,
          serial_demonic_e, serial_demonic_d, nicolae_shop_clearance
D:9:      layout_long_grid, nicolae_overflow_hidden_temple, serial_shops,
          nicolae_square_shop, gammafunk_ghost_arena, grunt_tough_drop
D:10:     layout_irregular_city, serial_shops, shop, kb_rosetta, uniq_gastronok,
          uniq_grum
D:11:     layout_long_grid, minmay_lair_entry_grove, david_orc_1_choice,
          enter_trove_3
D:12:     layout_basic, portal_ice_cave_entry_imps,
          onia_ninara_dug_in_and_dangerous, uniq_maurice
D:13:     layout_stronghold, hangedman_vaults_entry_quadrant_bands,
          minivault_16, uniq_urug
D:14:     layout_stronghold, lemuel_tele_altar, chequers_serial_rivers_small_a,
          ashenzari_conservatory_becter
D:15:     hangedman_depths_entry_try_elsewhere_first, layout_irregular_city,
          fedhas_altar_1
Temple:   mainiacjoe_temple_cubbyholes
Lair:1:   layout_roguey, pdpol_lair_neglected_garden, serial_bayou_shore_b
Lair:2:   wad_woods_minihive, layout_layer_cave, spider_nest_entry_funnel_web,
          patterned_corridor
Lair:3:   beast_lair_carwin_large_3, layout_chaotic_city, swamp_mist_pool
Lair:4:   pond_and_an_island_with_a_cottage, layout_long_grid, slime_entry_1,
          minmay_lindwurm_lava, uniq_nessos
Lair:5:   minmay_lair_end_enchanted_forest, layout_cave_pods,
          nicolae_lair_time_for_slime
Swamp:1:  layout_falls_marsh, nicolae_swamp_godswood,
          nicolae_swamp_decorative_isthmus, nicolae_swamp_tree_isthmus,
          uniq_mlioglotl
Swamp:2:  layout_basic_swamp, gammafunk_ghost_grave, nicolae_swamp_fairy_circle,
          swamp_pool_5
Swamp:3:  layout_basic_swamp, serial_swamp_ruin, evilmike_swamp_ruin_house_6,
          evilmike_swamp_ruin_rubble_2, evilmike_swamp_ruin_house_2,
          swamp_pool_1_2, nicolae_swamp_nymph_family_reunion
Swamp:4:  grunt_swamp_rune_castle, layout_basic_swamp,
          nicolae_swamp_super_fun_site, uniq_donald
Spider:1: layout_spider_delve
Spider:2: layout_spider_delve, drop_trap, hellmonk_narrow_tunnel
Spider:3: layout_spider_delve, nicolae_spider_cling_halls
Spider:4: floodkiller_spider_rune_tomb, nicolae_spider_nooks_and_crannies
Orc:1:    layout_caves, special_room [special_room_orc], nicolae_orc_lava_room
Orc:2:    grunt_orc_community_town_hall, layout_diamond_mine,
          grunt_orc_community_big_house_2, grunt_orc_community_big_house_2,
          grunt_orc_community_house_2, grunt_orc_community_house_3,
          grunt_orc_community_house_1, grunt_orc_community_house_3,
          grunt_orc_community_house_3, grunt_orc_community_house_3
Vaults:1: ebering_ghost_disaster_area, v_rooms_5, v_misc_31,
          nicolae_vaults_more_shelving_2, ontoclasm_vaults_chip,
          nicolae_vaults_twisting_passages, nicolae_vaults_yaktaur_gun_rack,
          ontoclasm_vaults_twist, v_alt_pattern_3,
          ontoclasm_vaults_decontamination, nicolae_vaults_house_1,
          sword_in_stone, layout_vaults_chaotic_city, serial_shops,
          nicolae_shop_hallway_plus, uniq_aizul
Vaults:2: v_misc_27, nicolae_vaults_house_2, ontoclasm_vaults_gallery,
          dpeg_vaults_monster_row, vaults_standard_mumra_x, v_pattern_2,
          nicolae_vaults_stairing_the_circle, nicolae_vaults_alarming,
          nicolae_vaults_house_1, serial_ice_m,
          nicolae_vaults_trapezoid_lopsided_2, grunt_vaults_focal,
          minmay_crypt_entry_simple_box, nicolae_vaults_gold_heap,
          layout_vaults_ring
Vaults:3: nicolae_vaults_hallways_thing, dpeg_vaults_pockets_of_resistance,
          v_rooms_2, dpeg_vaults_monster_box, v_misc_1, vaults_room_fours,
          nicolae_vaults_cornered_office, vaults_mumra_hex,
          ontoclasm_vaults_gateway, ontoclasm_vaults_ligature,
          vaults_room_hallway, v_misc_19, vaults_dpeg_hooks,
          layout_vaults_maze_bifur, uniq_margery
Vaults:4: nicolae_vaults_trapezoid_lopsided_3, nicolae_vaults_hexular_roomagon,
          v_misc_11, nicolae_vaults_cornered_office, st_greater_box_1,
          v_rooms_6, vaults_dpeg_doors, grunt_vaults_swirl,
          nicolae_vaults_asterisk, v_misc_5, grunt_vaults_bifocal,
          nicolae_vaults_network_square, serial_library_hellmonk_semicircle,
          nicolae_vaults_diamond_2, layout_vaults_omnibox
Vaults:5
Depths:1: layout_forbidden_donut, hell_entry, wad_floor_pattern_untrapped,
          moated_statue, corexii_corridor_pit, nicolae_rejected_hall,
          grunt_megastairs_2, uniq_asterion
Depths:2: minmay_bad_star, layout_gridlike, serial_shops, shop, nicolae_wwwww,
          hell_entry, pan_entry, infiniplex_staircase_trident
Depths:3: cross_vault, layout_cave_shapes, enter_ziggurat_f, hell_entry,
          abyss_entry, nicolae_dithmenos_through_a_glass_darkly,
          infiniplex_staircase_zigzag_4, minmay_shoptagon,
          kennysheep_random_hallway
Depths:4: grunt_zot_entry_tricorne, layout_cave_pools, nicolae_two_hexagons,
          hangedman_coc_ice_floe, gammafunk_ghost_crypt,
          hangedman_abyss_or_decor_stabs
Hell
Zot:1:    layout_gridlike, regret_index_zotdec_barnacled_alternative
Zot:2:    layout_misc_corridors, regret_index_zotdec_obsidian_hm, uniq_vv,
          uniq_tiamat

Skill      XL: |  1  2  3  4  5  6  7  8  9 10 11 12 13 14 15 16 17 18 19 20 21 22 23 24 |
---------------+-------------------------------------------------------------------------+-----
Polearms       | 11 12 13 14 15 16 17 18 19 | 19.5
Invocations    | 1 2 3 4 5 7 8 9 10 11 12 13 14 15 16 17 18 | 18.4
Fighting       | 1 2 3 4 6 8 9 11 12 13 14 15 16 17 18 19 20 21 22 23 | 23.1
Long Blades    | 1 2 3 4 6 7 8 9 10 11 12 13 14 15 16 17 | 17.0
Axes           | 1 2 3 4 6 7 8 9 10 11 12 13 14 15 16 17 | 17.0
Maces & Flails | 1 2 3 4 6 7 8 9 10 11 12 13 14 15 16 17 | 17.0
Staves         | 1 2 3 4 6 7 8 9 10 11 12 13 14 15 16 17 | 17.0
Ranged Weapons | 1 2 3 4 6 7 8 9 10 11 12 13 14 15 16 17 | 17.0
Throwing       | 1 2 3 4 6 7 8 9 10 11 12 13 14 15 16 17 | 17.0
Dodging        | 1 2 3 4 6 7 8 9 10 11 12 13 14 15 16 17 | 17.0
Stealth        | 1 2 3 4 6 7 8 9 10 11 12 0 |  0.0
Shields        | 1 2 3 4 6 7 8 9 10 11 12 13 14 15 16 17 | 17.0
Unarmed Combat | 1 2 3 4 6 7 8 9 10 11 12 13 14 15 16 17 | 17.0
Spellcasting   | 1 2 3 4 6 7 8 9 10 11 12 13 14 15 16 17 | 17.0
Evocations     | 1 2 3 4 6 7 8 9 10 11 12 13 14 15 16 17 | 17.0
Shapeshifting  | 1 2 3 4 5 6 7 8 9 0 |  0.0
Conjurations   | 1 2 3 4 5 6 7 8 9 10 11 12 13 14 | 14.5
Hexes          | 1 2 3 4 5 6 7 8 0 |  0.0
Summonings     | 1 2 3 4 5 6 7 8 9 10 11 12 13 14 | 14.5
Necromancy     | 1 2 3 4 5 6 7 8 9 10 11 12 13 14 | 14.7
Translocations | 1 2 3 4 5 6 7 8 0 |  0.0
Transmutations | 1 2 3 4 5 6 7 8 9 10 11 12 13 14 | 14.5
Fire Magic     | 1 2 3 4 5 6 7 8 0 |  0.0
Ice Magic      | 1 2 3 4 5 6 7 8 9 10 11 12 13 14 | 14.5
Air Magic      | 1 2 3 4 5 6 7 8 9 10 11 12 13 14 | 14.5
Earth Magic    | 1 2 3 4 5 6 7 8 9 10 11 12 13 14 | 14.5
Poison Magic   | 1 2 3 4 5 6 7 8 9 10 11 12 13 14 | 14.5
Short Blades   | 3 4 5 6 7 8 9 10 11 12 13 14 15 16 17 | 17.2
Armour         | 9 10 11 12 13 14 15 16 17 18 | 18.7

Action                     |  1- 3 |  4- 6 |  7- 9 | 10-12 | 13-15 | 16-18 | 19-21 | 22-24 | 25-27 || total
---------------------------+-------+-------+-------+-------+-------+-------+-------+-------+-------++-------
  Melee: Spear             |   121 |   293 |   361 |   884 |  2272 |  3354 |  2035 |  1238 |       || 10558
         Bite              |    10 |    27 |    27 |    88 |   249 |   469 |   311 |   371 |     4 ||  1556
         Punch             |       |     3 |    11 |     3 |       |       |       |       |       ||    17
         Bardiche          |       |       |       |       |       |    25 |       |       |       ||    25
         Morningstar       |       |       |       |       |       |       |       |   563 |       ||   563
         Demon trident     |       |       |       |       |       |       |       |   531 |    33 ||   564
   Fire: Hand cannon       |       |       |       |       |     3 |       |       |       |       ||     3
         Sling             |       |       |       |       |     7 |       |       |       |       ||     7
   Cast: Olgreb's Toxic Ra |       |       |       |       |       |    53 |   185 |    22 |       ||   260
         Frozen Ramparts   |       |       |       |       |       |       |    35 |       |       ||    35
         Borgnjor's Vile C |       |       |       |       |       |       |    31 |    37 |       ||    68
         Eringya's Noxious |       |       |       |       |       |       |     2 |    69 |     2 ||    73
         Mephitic Cloud    |       |       |       |       |       |       |       |     2 |       ||     2
         Summon Cactus Gia |       |       |       |       |       |       |       |    13 |       ||    13
         Freezing Cloud    |       |       |       |       |       |       |       |    11 |       ||    11
 Invoke: Reject Sacrifices |       |       |       |     1 |     2 |     2 |     2 |       |       ||     7
         Sacrifice an Eye  |       |       |       |     1 |       |       |       |       |       ||     1
         Sacrifice Essence |       |       |       |       |     1 |       |       |     1 |       ||     2
         Sacrifice Arcana  |       |       |       |       |     1 |       |       |       |       ||     1
         Sacrifice Forms   |       |       |       |       |     1 |       |       |       |       ||     1
         Power Leap        |       |       |       |       |       |    15 |     1 |     4 |       ||    20
         Apocalypse        |       |       |       |       |       |     2 |     1 |     1 |       ||     4
         Draw Out Power    |       |       |       |       |       |     1 |     2 |     3 |     1 ||     7
         Sacrifice Health  |       |       |       |       |       |     1 |       |       |       ||     1
         Sacrifice Stealth |       |       |       |       |       |     1 |       |       |       ||     1
  Evoke: Wand              |       |       |     1 |    13 |     6 |    15 |     6 |     4 |       ||    45
         Lightning rod     |       |       |       |       |     4 |     1 |     4 |     4 |       ||    13
         Phial of floods   |       |       |       |       |     1 |       |       |     1 |       ||     2
         Phantom mirror    |       |       |       |       |       |     2 |     1 |     1 |       ||     4
         Box of beasts     |       |       |       |       |       |     1 |       |     2 |       ||     3
    Use: Potion            |       |       |       |     1 |     5 |     1 |     5 |       |       ||    12
         Scroll            |       |       |       |    17 |    15 |     9 |     7 |    10 |     1 ||    59
   Stab: Distracted        |       |       |       |       |     7 |    12 |     9 |     7 |       ||    35
         Invisible         |       |       |       |       |     2 |    38 |     9 |     7 |       ||    56
         Sleeping          |       |       |       |       |       |    10 |       |       |       ||    10
         Paralysed         |       |       |       |       |       |     4 |     4 |    13 |       ||    21
         Confused          |       |       |       |       |       |     8 |     1 |     1 |       ||    10
 Armour: Scale mail        |    27 |     8 |       |       |       |       |       |       |       ||    35
         Plate armour      |       |   142 |   205 |   350 |  1447 |   296 |       |       |       ||  2440
         Pearl dragon scal |       |       |       |       |       |  1556 |   994 |  1710 |    29 ||  4289
  Dodge: Dodged            |    24 |    22 |    79 |   110 |   435 |   673 |   354 |   755 |    17 ||  2469
  Block: Tower shield      |       |       |       |   263 |  1735 |  2454 |  1310 |  2128 |    28 ||  7918

Table legend: (Time is in decaauts)
 A = Elapsed time spent in this place.
 B = Non-inter-level travel time spent in this place.
 C = Inter-level travel time spent in this place.
 D = Time resting spent in this place.
 E = Time spent auto-exploring this place.
 F = Levels seen in this place.
 G = Mean time per level.
                   A        B        C        D        E       F      G
               +--------+--------+--------+--------+--------+-----+--------+
         Total |  64993 |  60467 |   4526 |   9165 |  36334 |  46 | 1412.9 |
       Dungeon |  19811 |  17518 |   2293 |   2735 |  11367 |  15 | 1320.7 |
        Temple |     88 |      2 |     86 |      0 |      0 |   1 |   88.0 |
          Lair |   9263 |   8624 |    639 |   1471 |   5403 |   5 | 1852.6 |
         Swamp |   4360 |   4067 |    293 |    467 |   2198 |   4 | 1090.0 |
   Spider Nest |   5384 |   5206 |    178 |    485 |   3314 |   4 | 1346.0 |
  Orcish Mines |   2595 |   2458 |    137 |    240 |   1488 |   2 | 1297.5 |
        Vaults |  11908 |  11396 |    512 |   1781 |   6495 |   5 | 2381.6 |
        Depths |   6213 |   5911 |    302 |    488 |   3635 |   4 | 1553.2 |
          Hell |      1 |      1 |      0 |      0 |      0 |   1 |    1.0 |
           Zot |   1961 |   1879 |     82 |    136 |   1216 |   2 |  980.5 |
       Ossuary |    399 |    399 |      0 |      0 |    292 |   1 |  399.0 |
        Bailey |   1611 |   1611 |      0 |    932 |    339 |   1 | 1611.0 |
      Ice Cave |   1392 |   1392 |      0 |    428 |    584 |   1 | 1392.0 |
               +--------+--------+--------+--------+--------+-----+--------+

Top non-repeatable levels by time:
Vaults:4: 4033 daAuts
  Lair:5: 2691 daAuts
    D:13: 2454 daAuts
Vaults:3: 2394 daAuts
Spider:4: 2337 daAuts
  Lair:2: 2324 daAuts
Vaults:1: 2188 daAuts
    D:11: 2077 daAuts
Vaults:2: 1950 daAuts
  Lair:4: 1901 daAuts
    D:14: 1897 daAuts
Depths:1: 1864 daAuts
    D:12: 1617 daAuts
  Bailey: 1611 daAuts
     D:9: 1567 daAuts
